[Event "Early-Titled-Tuesday-Blitz-April-16-2024"]
[Site "Chess.com"]
[Date "2024.04.16"]
[Round "4"]
[White "GoltsevDmitry2000"]
[Black "Vasily_IM"]
[Result "1/2-1/2"]
[WhiteElo "2780"]
[BlackElo "2569"]
[TimeControl "180+1"]
[EndTime "8:40:08 PDT"]
[Termination "Game drawn by repetition"]

1. e4 e5 2. Nf3 Nf6 3. Nxe5 d6 4. Nf3 Nxe4 5. d3 Nf6 6. d4 Be7 7. c4 Bg4 8. Nc3 c6 9. Bf4 O-O 10. Bd3 Nbd7 11. O-O Re8 12. h3 Bh5 13. Re1 Bf8 14. g4 Rxe1+ 15. Nxe1 Bg6 16. Bf1 Qb6 17. b3 d5 18. c5 Qa5 19. Qd2 Qd8 20. Ng2 Ne4 21.
Nxe4 Bxe4 22. Ne3 g6 23. Be2 Bg7 24. f3 g5 25. Bg3 Bg6 26. Re1 Qf6 27. Rd1 b6 28. b4 a5 29. cxb6 Nxb6 30. bxa5 Nd7 31. a6 h6 32. Qb2 Qd8 33. Qb7 Qc8 34. Qxc8+ Rxc8 35. Nf5 Bxf5 36. gxf5 Ra8 37. Bf2 Nb8 38. Rc1 Nxa6 39. Rxc6 Nb4 40. Rd6 Bf8 41. Rd7 Rxa2 42. Bf1 Rc2 43. Be1 Rc1 44. Bxb4 Bxb4 45. Rxd5 Rd1 46.
Kf2 Bc3 47. Rd8+ Kg7 48. d5 Be5 49. Be2 Rd2 50. Ke3 Bf4+ 51. Kf2 Be5 52. Ke3 Bf4+ 53. Kf2 Be5 1/2-1/2

[Event "Early-Titled-Tuesday-Blitz-April-16-2024"]
[Site "Chess.com"]
[Date "2024.04.16"]
[Round "4"]
[White "dvglko"]
[Black "Titus369"]
[Result "0-1"]
[WhiteElo "2471"]
[BlackElo "2659"]
[TimeControl "180+1"]
[EndTime "8:40:08 PDT"]
[Termination "Titus369 won on time"]

1. e4 c5 2. Be2 Nc6 3. f4 d5 4. d3 dxe4 5. dxe4 Qxd1+ 6. Bxd1 e5 7. Nf3 exf4 8. Bxf4 Nge7 9. Nc3 Ng6 10. Bg3 Be6 11. Nd5 O-O-O 12. c4 Bd6 13. Bxd6 Rxd6 14.
O-O Re8 15. Bc2 Bg4 16. Ba4 Rxe4 17. Ng5 Rxc4 18. Bxc6 bxc6 19. Ne3 Rcd4 20. Rxf7 Rd7 21. Raf1 Be2 22. Rxd7 Rxd7 23. Rc1 Re7 24. Kf2 Nf4 25. Rc3 Bb5 26. g3 Nd3+ 27. Kf3 Nxb2 28. Rxc5 Nd3 29. Nf5 Rd7 30. Rc3 h6 31. Ne6 Bc4 32. Ned4 Bd5+ 33.
Ke3 Ne5 34. Kf4 Nc4 35. Ne3 Nxe3 36. Kxe3 Kc7 37. Nf5 Rf7 38. g4 Be6 39. Ke4 Bd7 40.
Ke5 Rf6 41. Nxg7 Rg6 42. Nf5 Rxg4 43. Nxh6 Rh4 0-1

[Event "Early-Titled-Tuesday-Blitz-April-16-2024"]
[Site "Chess.com"]
[Date "2024.04.16"]
[Round "4"]
[White "viktorskliarov"]
[Black "ReinisUz"]
[Result "1-0"]
[WhiteElo "2630"]
[BlackElo "2362"]
[TimeControl "180+1"]
[EndTime "8:40:08 PDT"]
[Termination "viktorskliarov won by resignation"]

1. e4 e5 2. Nc3 Nc6 3. Bc4 Nf6 4. d3 Bb4 5. Bg5 h6 6. Bxf6 Qxf6 7. Ne2 O-O 8. O-O Ne7 9. f4 exf4 10. Rxf4 Qg6 11.
Ng3 d5 12. Nxd5 Nxd5 13. Bxd5 Bd6 14. Rf2 Bxg3 15. hxg3 Qxg3 16. Qh5 Be6 17. Raf1 Bxd5 18. Qxd5 c6 19. Qd7 Qe3 20. Kh2 Rad8 21. Qxb7 Rb8 22.
Qxc6 Rxb2 23. Rxf7 Rxf7 24. Qe8+ Kh7 25. Qxf7 Qg5 26.
Qf5+ Qxf5 27. Rxf5 Rxc2 28. Ra5 Rc7 29. Kg3 Kg6 30. Kf4 Rd7 31. Ra6+ Kh5 32. Ke3 g5 33. d4 g4 34. g3 Rf7 35. e5 Rf3+ 36. Ke2 Rxg3 37. e6 Kg6 38. d5 Kf6 39. Rxa7 Rg2+ 40. Ke3 Rg1 41. Rf7+ Ke5 42. e7 Kd6 43. Ke2 Kd7 44.
d6 Rg2+ 45. Kf1 Rg3 46. Rf8 Re3 47. Rd8+ Kc6 48. e8=Q+ Rxe8 49. Rxe8 1-0

[Event "Early-Titled-Tuesday-Blitz-April-16-2024"]
[Site "Chess.com"]
[Date "2024.04.16"]
[Round "4"]
[White "Masterbeaterr"]
[Black "Hasangatin_Ramil"]
[Result "1/2-1/2"]
[WhiteElo "2485"]
[BlackElo "2643"]
[TimeControl "180+1"]
[EndTime "8:40:08 PDT"]
[Termination "Game drawn by repetition"]

1. d4 d6 2. e4 Nf6 3. Nc3 e5 4. Nf3 Nbd7 5. Bc4 Be7 6. O-O O-O 7. h3 c6 8. a4 exd4 9. Qxd4 Re8 10. Re1 Qc7 11.
Bf4 Bf8 12. Rad1 Ne5 13. Be2 a5 14. Bg5 Nfd7 15. Nxe5 dxe5 16. Qe3 Nc5 17. Bg4 Bxg4 18. hxg4 Ne6 19. Bh4 Bc5 20. Qd3 Qb6 21. b3 Bb4 22. Re3 Nf4 23. Qc4 Ng6 24. Rd7 Rf8 25. Rf3 Nxh4 26. Rfxf7 Kh8 27. Nd1 Rxf7 28. Qxf7 Rg8 29. Ne3 Bc5 30. Nc4 Qb4 31. Nxe5 Qe1+ 32. Kh2 Qf1 33.
Kg3 Qxg2+ 34. Kxh4 Bxf2+ 35. Kg5 Bh4+ 36. Kf5 Bf6 37.
Qh5 Qf2+ 38. Ke6 Bxe5 39. Qxe5 Re8+ 40. Re7 Rxe7+ 41. Kxe7 h6 42. Qf5 Qxc2 43. Qf8+ Kh7 44. Qf5+ Kh8 45. Qf8+ Kh7 46. Qf5+ Kh8 1/2-1/2

[Event "Early-Titled-Tuesday-Blitz-April-16-2024"]
[Site "Chess.com"]
[Date "2024.04.16"]
[Round "4"]
[White "Smiechu"]
[Black "HeroWilczek"]
[Result "0-1"]
[WhiteElo "2374"]
[BlackElo "2602"]
[TimeControl "180+1"]
[EndTime "8:40:09 PDT"]
[Termination "HeroWilczek won on time"]

1. e4 d5 2. exd5 Nf6 3. Nf3 Nxd5 4. d4 g6 5. c4 Nf6 6. Nc3 Bg7 7. Be3 O-O 8. Be2 Bf5 9. O-O c6 10. h3 Re8 11. Bd3 Bxd3 12. Qxd3 e5 13. Qc2 exd4 14. Bxd4 Nbd7 15. Rad1 Qa5 16. Rfe1 Qh5 17. Rxe8+ Rxe8 18. Re1 c5 19. Rxe8+ Nxe8 20. Bxg7 Kxg7 21. Qd2 Nef6 22. a3 Qf5 23. b4 Nb6 24. Qe2 Qf4 25. bxc5 Nxc4 26.
Nb5 a6 27. Nbd4 Nxa3 28. c6 Qc7 29. cxb7 Qxb7 30. Qe5 Nb5 31. Ng5 Nxd4 32. Qxd4 h6 33. Nf3 Qd5 34. Qa1 a5 35. Ne5 h5 36. Nf3 g5 37. h4 g4 38. Ng5 Kg6 39. Qb1+ Qf5 40.
Qb8 a4 41. Qa7 Ne4 42. Qa6+ f6 43. Nxe4 Qxe4 44. Qa8 Qe1+ 45. Kh2 Qe5+ 0-1

[Event "Early-Titled-Tuesday-Blitz-April-16-2024"]
[Site "Chess.com"]
[Date "2024.04.16"]
[Round "4"]
[White "azikom"]
[Black "jbking07"]
[Result "1-0"]
[WhiteElo "2703"]
[BlackElo "2424"]
[TimeControl "180+1"]
[EndTime "8:40:09 PDT"]
[Termination "azikom won on time"]

1. c4 e5 2. Nc3 Nf6 3. e3 c6 4. d4 exd4 5. Qxd4 d5 6. cxd5 cxd5 7.
Nf3 Nc6 8. Qd3 Bb4 9. Be2 O-O 10.
O-O Re8 11. Rd1 Be6 12. a3 Ba5 13. b4 Bc7 14. Bb2 Qe7 15. Nb5 Bb8 16. Nbd4 Nxd4 17. Bxd4 Ne4 18. Qb3 Bd6 19. Qb2 f6 20. Rdc1 a6 21.
h3 Rac8 22. b5 a5 23. b6 Qf7 24. Qb5 Qg6 25. Kf1 Qh6 26. Qxa5 Rxc1+ 27. Rxc1 Bxh3 28.
Qxd5+ Kh8 29. Qf7 Rd8 30. Rc7 Rf8 31. Qxg7+ Qxg7 32. Rxg7 Kxg7 33. gxh3 Bxa3 34. Nh4 Bc5 35. Bxc5 Nxc5 36. Nf5+ Kg6 37. Nd6 Rd8 38. Nc4 Rc8 39. Bf3 Re8 40. Nd6 Re6 41. Nc4 1-0

[Event "Early-Titled-Tuesday-Blitz-April-16-2024"]
[Site "Chess.com"]
[Date "2024.04.16"]
[Round "4"]
[White "Sasha_Solovev_777"]
[Black "Kielinkei"]
[Result "0-1"]
[WhiteElo "2191"]
[BlackElo "2487"]
[TimeControl "180+1"]
[EndTime "8:40:09 PDT"]
[Termination "Kielinkei won by resignation"]

1. e4 c5 2. Nf3 e6 3. d4 cxd4 4.
Nxd4 Nc6 5. Nc3 Qc7 6. Be3 a6 7. Be2 Nf6 8. O-O Be7 9. f4 d6 10. Bf3 O-O 11. Qe1 Bd7 12. Nb3 b5 13. a3 Rac8 14.
g4 d5 15. e5 Ne8 16. Qf2 f6 17. exf6 Nxf6 18. f5 exf5 19. g5 Ne4 20. Qh4 Be6 21. Rad1 Rcd8 22. Nd4 Nxd4 23. Bxd4 Bxg5 24. Qh3 Bf6 25.
Bxe4 dxe4 26. Bxf6 Rxf6 27. Rxd8+ Qxd8 28. Rd1 Rg6+ 29. Kf1 Bc4+ 30. Kf2 Qg5 31. Ne2 Bxe2 32. Kxe2 Qg2+ 33.
Qxg2 Rxg2+ 34. Ke3 Rxc2 35. Kf4 Rxb2 36. Kxf5 e3 37.
Ke6 h6 38. Re1 e2 39. Kd5 a5 40. Kc5 b4 41. axb4 axb4 42. Kc4 Kf7 43. h4 Kg6 44.
h5+ Kxh5 45. Kd3 Kg4 46. Rg1+ Kf3 47. Rxg7 e1=Q 48. Rf7+ Kg4 49. Rg7+ Kf5 50. Rf7+ Kg6 0-1

[Event "Early-Titled-Tuesday-Blitz-April-16-2024"]
[Site "Chess.com"]
[Date "2024.04.16"]
[Round "4"]
[White "JAN2404"]
[Black "MdSharifHossain"]
[Result "0-1"]
[WhiteElo "1909"]
[BlackElo "2289"]
[TimeControl "180+1"]
[EndTime "8:40:10 PDT"]
[Termination "MdSharifHossain won on time"]

1. e4 e5 2. Nc3 Nf6 3. Bc4 Bc5 4. Nf3 d6 5. d3 Nc6 6. Na4 Bg4 7. Nxc5 dxc5 8. c3 O-O 9. h3 Bh5 10. O-O Na5 11.
Bb3 c4 12. Bc2 cxd3 13. Bxd3 c5 14. g4 c4 15. Bc2 Bg6 16. Qe2 Qc7 17. Rd1 b5 18. Bg5 Rad8 19. a4 a6 20. axb5 axb5 21. Rxd8 Rxd8 22. Rd1 Nb7 23. Bh4 h6 24. Bg3 Re8 25. g5 hxg5 26. Nxg5 Nc5 27. b4 Bh5 28.
Nf3 Nd3 29. Bxd3 cxd3 30. Qxd3 Qc8 31. Kg2 Bg6 32. Ng5 Nh5 33. Qxb5 Nf4+ 34. Bxf4 exf4 35. f3 f6 36. Qd5+ Kh8 37. Nf7+ Kh7 38. Nd6 Qa6 0-1

[Event "Early-Titled-Tuesday-Blitz-April-16-2024"]
[Site "Chess.com"]
[Date "2024.04.16"]
[Round "4"]
[White "ContrVersia"]
[Black "FairChess_on_YouTube"]
[Result "0-1"]
[WhiteElo "2895"]
[BlackElo "3086"]
[TimeControl "180+1"]
[EndTime "8:40:11 PDT"]
[Termination "FairChess_on_YouTube won by checkmate"]

1. Nf3 d5 2. c4 e6 3. g3 Nf6 4. d4 Be7 5. Bg2 O-O 6. O-O c6 7. Qc2 Nbd7 8. Nbd2 b5 9. c5 a5 10. e4 dxe4 11. Nxe4 Nxe4 12. Qxe4 Nf6 13. Qc2 Nd5 14. Re1 b4 15. h4 h6 16. Ne5 Qc7 17. Bd2 Bf6 18.
Nf3 Ba6 19. Rad1 a4 20. Bc1 Rfb8 21. Ne5 b3 22. axb3 Rxb3 23. Ng4 Qd8 24. Ne5 Nb4 25. Qe4 Bxe5 26. dxe5 Rd3 27. Qg4 Kf8 28. Be4 Rb8 29. Qh5 Qd4 30. Bxd3 Nxd3 31. Re2 Nxc1 32. Red2 Nd3 33.
Qf3 Nxe5 34. Qg2 Bd3 35. Kh1 Qe4 36. f3 Qd5 37. f4 Qxg2+ 38. Kxg2 Be4+ 39. Kh3 Nc4 40. Rd7 Rxb2 41. Ra7 Bd5 42. Rc1 Ne3 43. Rc3 Bg2+ 44.
Kh2 Ng4+ 45. Kg1 Bd5 46. Ra3 Rb1# 0-1

[Event "Early-Titled-Tuesday-Blitz-April-16-2024"]
[Site "Chess.com"]
[Date "2024.04.16"]
[Round "4"]
[White "Payyappat"]
[Black "Witik"]
[Result "0-1"]
[WhiteElo "2532"]
[BlackElo "2717"]
[TimeControl "180+1"]
[EndTime "8:40:11 PDT"]
[Termination "Witik won on time"]

1. e4 c6 2. d4 d5 3. Nc3 dxe4 4. Nxe4 Nf6 5. Nxf6+ exf6 6. Bc4 Bd6 7. Qe2+ Be7 8. Nf3 O-O 9. O-O Bd6 10. Re1 a5 11. c3 Na6 12. Bb3 Nc7 13. Bc2 Re8 14. Be3 Nd5 15. Qd3 g6 16. Bb3 Bf5 17. Qd2 a4 18. Bxd5 cxd5 19. Nh4 Bd7 20. Bf4 Bf8 21. Bh6 Bd6 22. Qd3 Qb6 23. Qf3 Bf8 24. Bxf8 Rxe1+ 25. Rxe1 Rxf8 26. Qxd5 Be6 27. Qf3 Kg7 28. d5 Bd7 29. h3 Qxb2 30. Re7 Bc8 31. d6 Qd2 32. Qg3 Rd8 33. Rc7 Be6 34. Rxb7 a3 35. Ra7 Qxa2 36.
c4 Qb1+ 37. Kh2 a2 38. Qa3 Qe4 39. g3 Qxc4 40. Ra4 Qc2 41. Kg2 Bd5+ 42. Nf3 Qd1 0-1

[Event "Early-Titled-Tuesday-Blitz-April-16-2024"]
[Site "Chess.com"]
[Date "2024.04.16"]
[Round "4"]
[White "JJDAREK"]
[Black "imdvb6307"]
[Result "1-0"]
[WhiteElo "2320"]
[BlackElo "2503"]
[TimeControl "180+1"]
[EndTime "8:40:11 PDT"]
[Termination "JJDAREK won on time"]

1. d4 f5 2. Nf3 g6 3. Bf4 Bg7 4. e3 Nf6 5. c4 O-O 6. Nc3 d6 7. h3 c6 8. Be2 Qc7 9. O-O a5 10. c5 Qd8 11. a3 Na6 12. b4 dxc5 13. bxc5 h6 14. Qb3+ Kh7 15. Ne5 Nc7 16. Bc4 Ncd5 17. Nxd5 Nxd5 18. Bxd5 a4 19. Qa2 cxd5 20. Rab1 g5 21. Bh2 f4 22. exf4 gxf4 23. Rb6 Bxe5 24.
dxe5 f3 25. Qd2 e6 26. Rfb1 Rf7 27. Rd6 Qh4 28. Rb4 Qh5 29. Rf4 Rxf4 30. Qxf4 fxg2 31. Bg3 Qe8 32. Qf6 Bd7 33. Bh4 Ra6 34. Rxa6 bxa6 35.
Qf4 Qg6 36. Bf6 Qf7 37. Qd2 Bb5 38. Qa5 Kg6 39. Qd8 Kf5 40. Qb6 Ke4 41. c6 Qh5 42. Qe3+ Kf5 43. Kxg2 1-0

[Event "Early-Titled-Tuesday-Blitz-April-16-2024"]
[Site "Chess.com"]
[Date "2024.04.16"]
[Round "4"]
[White "AlexanderKing"]
[Black "Khromkin"]
[Result "0-1"]
[WhiteElo "2575"]
[BlackElo "2373"]
[TimeControl "180+1"]
[EndTime "8:40:12 PDT"]
[Termination "Khromkin won on time"]

1. c4 c5 2. g3 Nc6 3. Bg2 g6 4. Nf3 Bg7 5. O-O a6 6. Nc3 Rb8 7. a4 d6 8. e3 h5 9. d4 cxd4 10.
exd4 Bg4 11. Be3 h4 12. h3 Bxf3 13. Qxf3 Nxd4 14. Bxd4 Bxd4 15. Kh2 Be5 16. Rad1 Nf6 17. Rfe1 Qb6 18. Re2 Rh5 19. Qe3 hxg3+ 20. Kh1 Qxe3 21.
fxe3 Bxc3 22. bxc3 Rc5 23. Rb1 Rxc4 24. Bxb7 Kd8 25.
Reb2 a5 26. Rb3 Nd7 27. Kg2 Nc5 28. Rb5 Rxa4 29. Bd5 Rxb5 30. Rxb5 e6 31. Bc6 Ra3 32. Kxg3 a4 33. Ra5 Rxc3 34. Kf4 Nd3+ 35. Ke4 Rxc6 36.
Kxd3 Rc5 37. Rxa4 Ke7 38. h4 d5 39. Ke2 Rc4 40. Ra7+ Kf6 41. Kf3 Rxh4 42. Kg3 Rb4 43. Kf3 g5 44. Ra8 Kf5 45. Ra7 f6 46. Ra6 Rb3 47.
Kf2 e5 48. Rd6 Ke4 49. Rxf6 Rb2+ 50. Kg3 Kxe3 51. Rf5 Ke4 52. Rxg5 d4 53. Rg8 d3 54. Rd8 Ke3 0-1

[Event "Early-Titled-Tuesday-Blitz-April-16-2024"]
[Site "Chess.com"]
[Date "2024.04.16"]
[Round "4"]
[White "Djager97"]
[Black "David_Arutinian"]
[Result "0-1"]
[WhiteElo "2574"]
[BlackElo "2826"]
[TimeControl "180+1"]
[EndTime "8:40:13 PDT"]
[Termination "David_Arutinian won on time"]

1. e4 c6 2. d4 d5 3. exd5 cxd5 4. Bd3 Nc6 5. c3 Qc7 6. Nf3 Bg4 7. h3 Bh5 8. O-O e6 9. Be3 Nf6 10. Nbd2 Bd6 11. Qc2 O-O 12. Rfe1 Rfc8 13. Rac1 Rab8 14.
Bg5 Bg6 15. Bxg6 hxg6 16. Nf1 Ne4 17. h4 b5 18. N1d2 Nf6 19. Bxf6 gxf6 20. h5 g5 21. Qd3 Kg7 22. g4 Bf4 23. Rcd1 Rd8 24. Kg2 b4 25. Nf1 bxc3 26. bxc3 Na5 27. Ne3 Rb2 28. h6+ Kh8 29. Rd2 Rxd2 30. Qxd2 Nc4 31. Qd3 Rb8 32. Nd2 Nd6 33.
Nb3 Ne4 34. c4 Bxe3 35. cxd5 exd5 36. Qxe3 Rc8 37. Qf3 Qd6 38. Nc5 Nxc5 39. dxc5 Qc6 40. Re7 Kg8 41. Qf5 d4+ 42. f3 Rb8 43. h7+ Kg7 44.
Kh3 Rh8 45. Kg3 a5 46. a3 d3 47. Rd7 d2 0-1

[Event "Early-Titled-Tuesday-Blitz-April-16-2024"]
[Site "Chess.com"]
[Date "2024.04.16"]
[Round "4"]
[White "JSPrepz"]
[Black "Squirlolz"]
[Result "1-0"]
[WhiteElo "2821"]
[BlackElo "2577"]
[TimeControl "180+1"]
[EndTime "8:40:13 PDT"]
[Termination "JSPrepz won on time"]

1. e4 g6 2. d4 Bg7 3. Nc3 a6 4. Nf3 b5 5. Bd3 d6 6. h4 Bg4 7. Be3 Nd7 8. Qd2 c5 9. d5 Bxf3 10. gxf3 Ngf6 11. Be2 b4 12. Na4 h5 13. Rd1 O-O 14. Rg1 Nb6 15. Nxb6 Qxb6 16. Bd3 Qc7 17. Bc4 Nd7 18. f4 Nb6 19. Be2 c4 20. Qxb4 Rab8 21.
Qa5 Bxb2 22. f5 Kh7 23. Kf1 Bf6 24. Rg3 Bxh4 25. Rh3 Bf6 26. Kg2 Rg8 27. Rdh1 Kg7 28. fxg6 fxg6 29. Rg3 Kf7 30. f4 Na8 31. Qxa6 Rb2 32.
Bd1 Qc8 33. Qa3 c3 34. Qa4 Nc7 35. Rf1 h4 36. Rh3 Qa6 37. Qd7 Qc8 38. Qc6 Nb5 39.
e5 Qxc6 40. dxc6 Bg7 41. a4 Nc7 42. Rxh4 Ra8 43. f5 gxf5 44. exd6 exd6 45. Rxf5+ Ke6 46. Rg5 Be5 47. Rh6+ Kd5 48. Bf3+ Kc4 49. Rh4+ 1-0

[Event "Early-Titled-Tuesday-Blitz-April-16-2024"]
[Site "Chess.com"]
[Date "2024.04.16"]
[Round "4"]
[White "Iball95"]
[Black "PolandHussars"]
[Result "1-0"]
[WhiteElo "2894"]
[BlackElo "2599"]
[TimeControl "180+1"]
[EndTime "8:40:14 PDT"]
[Termination "Iball95 won on time"]

1. e4 e5 2. Nf3 Nc6 3. Nc3 g6 4. d4 exd4 5. Nxd4 Bg7 6. Nxc6 bxc6 7. Bc4 Ne7 8. Be3 O-O 9. O-O d6 10. Bd4 Be6 11. Bb3 c5 12. Bxg7 Kxg7 13. f4 c4 14. Bxc4 Bxc4 15. Qd4+ f6 16. Qxc4 Qb8 17. b3 Qb6+ 18.
Kh1 Rae8 19. Rad1 Rf7 20. h3 Qa5 21. a4 Qb6 22. Rd3 Nc6 23. Nd5 Qb7 24. Rc3 Na5 25.
Qd4 c6 26. Ne3 c5 27. Qxd6 Qxe4 28. Qxc5 Nb7 29. Qd5 Qe7 30. f5 Nd6 31. fxg6 hxg6 32. Qf3 Ne4 33. Rd3 f5 34. Nd5 Qe5 35. Qf4 Qb2 36.
Nc3 Qxc2 37. Re3 Rfe7 38. Nxe4 Rxe4 39. Rxe4 Rxe4 40. Qf2 Qxb3 41. Qxa7+ Qf7 42. Qxf7+ Kxf7 43. Ra1 Re6 44. a5 Ra6 45. Kh2 Ke6 46. Kg3 g5 47.
Kf3 Ke5 48. g3 Kd5 49. h4 gxh4 50. gxh4 Ke5 51. Ra4 Ke6 52. Kf4 Kf6 53. h5 Ra8 54. a6 Ra7 55. Ra5 Kg7 56. Kxf5 Kh6 57. Ke6 Ra8 58. a7 Rxa7 59. Rxa7 Kxh5 60. Kf5 Kh6 61.
Rb7 1-0

[Event "Early-Titled-Tuesday-Blitz-April-16-2024"]
[Site "Chess.com"]
[Date "2024.04.16"]
[Round "4"]
[White "HanSchut"]
[Black "PedroGil25"]
[Result "0-1"]
[WhiteElo "2306"]
[BlackElo "2505"]
[TimeControl "180+1"]
[EndTime "8:40:14 PDT"]
[Termination "PedroGil25 won on time"]

1. e4 c5 2. Nf3 e6 3. c4 a6 4. Nc3 Qc7 5. Be2 Nf6 6. O-O Be7 7. d4 cxd4 8. Nxd4 O-O 9. Be3 d6 10. Rc1 Nbd7 11. f3 b6 12. Qd2 Bb7 13. Rfd1 Rfe8 14.
Bf1 Rac8 15. Kh1 Qb8 16. Qf2 Bd8 17. Qg1 Bc7 18. Bf2 Red8 19. b4 Ne5 20. Nb3 Ba8 21. Na4 b5 22. cxb5 axb5 23. Nc3 Nc4 24. Nxb5 Qxb5 25.
Rxc4 Qa4 26. Rdc1 Qd7 27. b5 d5 28. exd5 Bxd5 29. R4c2 h5 30. Nc5 Qd6 31. Na6 Ne8 32. a4 Bb7 33. b6 Bb8 34. Rxc8 Bxc8 35. Nxb8 Qxb8 36. a5 h4 37. h3 g5 38. a6 Nf6 39.
b7 Bxb7 40. axb7 Qxb7 41. Be3 Rd5 42. Qf2 Nh5 43. Bc4 Rf5 44. Qd2 Qe7 45. Bd3 Rd5 46.
Qc2 Ng3+ 47. Kg1 Qd6 48. Bf1 Qe5 49. Bf2 Nf5 50. Bd3 Nd4 51. Qc8+ Kg7 52. Be4 Rd6 53. Bxd4 Qxd4+ 54. Kh2 Qe5+ 55. Kh1 Qf4 56. Qc2 Rd2 57.
Qc3+ f6 58. Rg1 Rd7 59. Qc6 Re7 60. Qc5 Qc7 61. Qxc7 Rxc7 62. Re1 f5 63. Bd3 Kf6 64. Bf1 Rc3 65. Kg1 e5 66. Kf2 Rc2+ 67. Re2 Rc5 68.
Rd2 e4 69. fxe4 fxe4 70. Ke3 Ke5 71. Be2 Rc3+ 72. Kf2 e3+ 73. Ke1 exd2+ 74. Kxd2 Ra3 75. Ke1 Kf4 76. Kf2 Ra2 77. Kf1 Kg3 78. Bf3 Ra1+ 79. Ke2 Rg1 0-1

[Event "Early-Titled-Tuesday-Blitz-April-16-2024"]
[Site "Chess.com"]
[Date "2024.04.16"]
[Round "4"]
[White "NewYearGirl"]
[Black "only_strong_moves"]
[Result "0-1"]
[WhiteElo "2372"]
[BlackElo "2639"]
[TimeControl "180+1"]
[EndTime "8:40:15 PDT"]
[Termination "only_strong_moves won by checkmate"]

1. e4 d5 2. exd5 Qxd5 3. Nc3 Qa5 4. d4 Nf6 5. Nf3 Bf5 6. Ne5 c6 7. g4 Be4 8. f3 Bd5 9. Bd2 Qc7 10. Bf4 Qa5 11. Bd2 Qb6 12. g5 Qxd4 13. Qe2 Qh4+ 14. Qf2 Qxf2+ 15. Kxf2 Nfd7 16. Nxd5 cxd5 17. Bb5 a6 18.
Ba4 b5 19. Nxd7 Nxd7 20. Bb3 e6 21. f4 Bc5+ 22. Kg3 O-O 23. a4 b4 24. h4 Bd6 25. a5 Nc5 26. Be3 Ne4+ 27. Kf3 f6 28.
Rad1 fxg5 29. Rxd5 exd5 30. Bxd5+ Kh8 31. Bxa8 Rxa8 32.
Kxe4 Re8+ 33. Kf3 gxf4 34. Bb6 h6 35. c4 bxc3 36. bxc3 Rc8 37. Bd4 Kh7 38. h5 Rb8 39. Rg1 Rb7 40. Rg6 Bf8 41. Rxa6 Rb5 42. Ra8 Bc5 43.
Bxc5 Rxc5 44. a6 Rxh5 45. Kxf4 Ra5 46. c4 Kg6 47. a7 Kf7 48. Ke4 h5 49. c5 h4 50. c6 h3 51. c7 h2 52. c8=Q h1=Q+ 53. Kd3 Rd5+ 54. Kc4 Qe4+ 55. Kb3 Rd3+ 56. Kb2 Qb4+ 57.
Kc2 Rd2+ 58. Kc1 Qb2# 0-1

[Event "Early-Titled-Tuesday-Blitz-April-16-2024"]
[Site "Chess.com"]
[Date "2024.04.16"]
[Round "4"]
[White "Bykov_Egor"]
[Black "NajdorfPlayerc5"]
[Result "0-1"]
[WhiteElo "2569"]
[BlackElo "2386"]
[TimeControl "180+1"]
[EndTime "8:40:15 PDT"]
[Termination "NajdorfPlayerc5 won by resignation"]

1. g3 d5 2. Bg2 Nf6 3. c4 e6 4.
Nf3 c6 5. d4 Be7 6. O-O O-O 7.
Qd3 Nbd7 8. Nbd2 b6 9. e4 dxe4 10. Nxe4 Nxe4 11. Qxe4 Bb7 12. Rd1 Nf6 13. Qe2 Qc7 14.
Bf4 Bd6 15. Bxd6 Qxd6 16. Ne5 Rad8 17. Rac1 Qc7 18. Qf3 Rc8 19. g4 h6 20. h4 Nd7 21.
Nd3 e5 22. g5 hxg5 23. hxg5 exd4 24. c5 Ne5 25. Qh5 Ng6 26. Be4 Rce8 27. Re1 Ba6 28. cxb6 Qxb6 29. Rxc6 Qa5 30. Rxg6 Rxe4 31. Rxg7+ Kxg7 32. Qh6+ Kg8 33. Rxe4 Bxd3 34. Rh4 Qe1+ 35. Kg2 Qe5 36.
f4 Qg7 37. Qd6 Re8 38. Kf3 Re3+ 39. Kf2 Re2+ 40. Kf3 Re3+ 41. Kf2 Re8 42. Rh5 Bg6 43. Rh6 d3 44. Qd7 Qxb2+ 45. Kg3 Re3+ 46. Kg4 Qg2+ 0-1

[Event "Early-Titled-Tuesday-Blitz-April-16-2024"]
[Site "Chess.com"]
[Date "2024.04.16"]
[Round "4"]
[White "Caroexpert"]
[Black "JoliyRoger"]
[Result "1-0"]
[WhiteElo "2684"]
[BlackElo "2420"]
[TimeControl "180+1"]
[EndTime "8:40:18 PDT"]
[Termination "Caroexpert won on time"]

1. d4 Nf6 2. Nf3 e6 3. c4 c5 4.
d5 d6 5. Nc3 a6 6. e4 exd5 7.
exd5 Be7 8. h3 Bf5 9. Be2 O-O 10. O-O h6 11. Bf4 Nbd7 12. Qd2 Ne4 13. Nxe4 Bxe4 14.
Rfe1 Re8 15. Bd1 Bxf3 16. Bxf3 Bf8 17. a4 Qb6 18. a5 Qc7 19. Be4 Be7 20. Bc2 Bf6 21.
Qd3 g6 22. Qg3 Be5 23. Bxe5 Nxe5 24. b3 Kg7 25. f4 Nd7 26. f5 Ne5 27. fxg6 fxg6 28.
Rxe5 Rxe5 29. Qxg6+ Kh8 30. Qxh6+ Kg8 31. Rf1 Qg7 32. Qxd6 Rae8 33. Qxc5 Re2 34. Rf2 Qa1+ 35. Kh2 Qe5+ 36. g3 Rxf2+ 37. Qxf2 Rf8 38. Qg2 Qe3 39. Qe4 Rf2+ 40. Kg1 1-0

[Event "Early-Titled-Tuesday-Blitz-April-16-2024"]
[Site "Chess.com"]
[Date "2024.04.16"]
[Round "4"]
[White "temus_galaktionov"]
[Black "Kazmin_Semyon"]
[Result "1-0"]
[WhiteElo "2857"]
[BlackElo "2584"]
[TimeControl "180+1"]
[EndTime "8:40:19 PDT"]
[Termination "temus_galaktionov won on time"]

1. d4 Nf6 2. c4 e6 3. Nf3 d5 4. Nc3 Bb4 5. cxd5 exd5 6. Bg5 c6 7.
e3 h6 8. Bxf6 Qxf6 9. Bd3 Bg4 10. O-O Nd7 11. h3 Bxf3 12. Qxf3 Qxf3 13. gxf3 Nf6 14. Kg2 Rd8 15. f4 g5 16. Kf3 Bd6 17. Ne2 Nh5 18. fxg5 hxg5 19. Rg1 f6 20. h4 gxh4 21.
Rg4 Kd7 22. Rh1 Rhg8 23. Rgxh4 Ng7 24. Rh7 Kc8 25. R1h6 Rdf8 26. Rg6 Ne8 27. Bf5+ Kb8 28. Nf4 Bxf4 29. Kxf4 Nd6 30. Rgg7 Rxg7 31. Rxg7 Rh8 32. Bh7 a5 33. b3 Ka7 34. Rd7 Nb5 35. Kf5 Rf8 36.
Bg6 Nc3 37. Rf7 Rh8 38. Kxf6 Nxa2 39. f4 Nc1 40. Kg7 Rh3 41. Bc2 Rxe3 42. f5 Rc3 43. Bd1 Rd3 44. Bh5 Nxb3 45. f6 Nxd4 46. Rd7 Rg3+ 47. Kh7 Ne6 48. Re7 Ng5+ 49. Kh6 Ne4 50. f7 1-0

[Event "Early-Titled-Tuesday-Blitz-April-16-2024"]
[Site "Chess.com"]
[Date "2024.04.16"]
[Round "4"]
[White "DominguezOnYoutube"]
[Black "Alonmindlin"]
[Result "1/2-1/2"]
[WhiteElo "2938"]
[BlackElo "2685"]
[TimeControl "180+1"]
[EndTime "8:40:21 PDT"]
[Termination "Game drawn - insufficient material"]

1. e4 e5 2. Nf3 Nc6 3. Bb5 a6 4. Ba4 Nf6 5. O-O Be7 6. d3 b5 7. Bb3 d6 8. c3 O-O 9. h3 Be6 10. Bc2 h6 11. d4 exd4 12. cxd4 Nb4 13. Bb3 Nxe4 14. d5 Bf5 15. Nd4 Bg6 16. a3 Nd3 17.
Qxd3 Nxf2 18. Qf3 Ne4 19. Nc6 Qd7 20. Nxe7+ Qxe7 21. Nc3 Nc5 22. Ba2 Bd3 23. Rd1 Bc2 24. Rd2 Bb3 25. Re2 Qh4 26. Be3 Bxa2 27. Bxc5 Bc4 28.
Re4 Qd8 29. Bd4 f6 30. Rae1 Rf7 31. R4e3 Qd7 32. Ne2 Re8 33. b3 Rxe3 34. Bxe3 Bxb3 35. Nf4 Re7 36. Bf2 Rxe1+ 37. Bxe1 Bc4 38. Qe4 Kf7 39. Ba5 Qe7 40. Qxe7+ Kxe7 41. Bxc7 g5 42. Nh5 Bxd5 43. Ba5 Bf7 44. Ng3 Ke6 45. Kf2 f5 46. Ne2 f4 47.
Nd4+ Kd5 48. Nf5 h5 49. Bd8 g4 50. hxg4 hxg4 51. Bc7 Be6 52. Nxd6 Kd4 53. Bb6+ Kc3 54. Nb7 g3+ 55. Kg1 Bd5 56. Nc5 Kb2 57.
Nxa6 Kxa3 58. Bc5+ Kb2 59. Bd6 f3 60. gxf3 Bxf3 61.
Bxg3 Kc3 62. Bd6 b4 63. Nxb4 Kc4 64. Kf2 Bb7 65. Ke3 Kb5 66. Kd4 Bh1 67. Nd3 Bg2 68. Bf4 Bh1 69. Ne5 Bg2 70. Ng4 Bf3 71. Ne3 Ba8 72.
Ke5 Bh1 73. Nf5 Ba8 74. Nd4+ Kc4 75. Kd6 Kxd4 1/2-1/2

[Event "Early-Titled-Tuesday-Blitz-April-16-2024"]
[Site "Chess.com"]
[Date "2024.04.16"]
[Round "4"]
[White "GMAneta"]
[Black "CarlosjPineror"]
[Result "1-0"]
[WhiteElo "2559"]
[BlackElo "2724"]
[TimeControl "180+1"]
[EndTime "8:40:21 PDT"]
[Termination "GMAneta won by resignation"]

1. d4 Nf6 2. Nf3 g6 3. c4 d6 4. g3 Bg7 5. Bg2 O-O 6. O-O c5 7. Nc3 Nc6 8. dxc5 dxc5 9. Be3 Be6 10. Bxc5 Bxc4 11. Qa4 Be6 12. Rfd1 Nd7 13. Ba3 h6 14. Rac1 Rc8 15. Qe4 Bf5 16. Qf4 Re8 17. Nd5 e6 18. Nc3 e5 19. Qe3 Qb6 20. Nd5 Qxe3 21. Nxe3 Be6 22. Nc4 Bf8 23. Bxf8 Rxf8 24. Nd6 Rb8 25.
b3 Kg7 26. Nxb7 Rxb7 27. Rxc6 a5 28. Rcd6 Ra7 29. h4 Rb8 30. h5 gxh5 31. R1d2 Kf8 32.
Nh4 Ke7 33. Be4 Rb4 34. Bc2 Nc5 35. Rc6 Nd7 36. Nf5+ Bxf5 37. Bxf5 Nf6 38. Rdd6 Ne8 39. Rxh6 Rc7 40. Rxc7+ Nxc7 41. Rxh5 a4 42. bxa4 Rxa4 43. Bc2 Ra5 44. Bb3 f6 45. Rh7+ Kd6 46. Rf7 Nb5 47. Rxf6+ Kc5 48. e3 Nc3 49. Kg2 Ne4 50. Rf5 Kb4 51.
Kf3 Nd2+ 52. Ke2 Kc3 53. Be6 Ne4 54. g4 Rb5 55. Bb3 Nd2 56. f4 Ne4 57. Rxe5 Rxe5 58.
fxe5 Ng5 59. e6 Kb4 60. e7 1-0